 Dungeon Crawl Stone Soup version 0.27-a0-40-g5f2be0e231 (webtiles) character file.

Game seed: 1510584455951148898

10707 kae the Severer (level 11, 0/151 HPs)
             Began as a Hill Orc Fighter on Jan 5, 2021.
             Was an Elder of Qazlal.
             Slain by Snorg (2 damage)
             ... on level 11 of the Dungeon.
             The game lasted 00:09:08 (13084 turns).

kae the Severer (Hill Orc Fighter)                 Turns: 13084, Time: 00:09:09

Health: 0/151      AC: 25    Str: 23    XL:     11   Next: 66%
Magic:  18/18      EV:  2    Int:  8    God:    Qazlal [****..]
Gold:   260        SH: 15    Dex: 16    Spells: 10/10 levels left

rFire    . . .     SeeInvis .   J - +2 war axe (flame)
rCold    . . .     Faith    .   c - +0 kite shield
rNeg     + + +     Spirit   .   (armour currently unavailable)
rPois    +         Reflect  .   (helmet currently unavailable)
rElec    .         Harm     .   (cloak currently unavailable)
rCorr    .         Rampage  .   (gloves currently unavailable)
Will     +....     NoTele   +   (boots currently unavailable)
Stlth    +.........             M - amulet of magic regeneration
HPRegen  0.35/turn              k - +6 ring of dexterity
MPRegen  0.41/turn              L - ring of willpower

@: tree-form, repel missiles
A: no striking features
a: Renounce Religion, Upheaval, Elemental Force


You were on level 11 of the Dungeon.
You worshipped Qazlal.
Qazlal was greatly pleased with you.
You were a tree.
You visited 2 branches of the dungeon, and saw 12 of its levels.

You collected 665 gold pieces.
You spent 405 gold pieces at shops.

Inventory:

Hand Weapons
 J - a +2 war axe of flaming (weapon)
 Q - a +0 battleaxe
Armour
 b - a +0 pair of gloves of archery (melded)
 c - a +0 kite shield (worn)
 C - a +0 cloak of preservation (melded)
 H - a +0 hat (melded)
 N - +1 swamp dragon scales (melded)
Jewellery
 k - a +6 ring of dexterity (left branch)
 o - an uncursed ring of poison resistance
 K - an uncursed ring of willpower
 L - a ring of willpower (right branch)
 M - an amulet of magic regeneration (around neck)
 P - an uncursed ring of wizardry {unknown}
Wands
 t - a wand of digging (5)
 y - a wand of acid (4)
 z - a wand of disintegration (11)
 D - a wand of paralysis (11)
 E - a wand of random effects (24)
 G - a wand of polymorph (6)
 O - a wand of iceblast (6)
Scrolls
 l - 11 scrolls of teleportation
 n - 5 scrolls of remove curse
 p - a scroll of immolation
 r - 2 scrolls of magic mapping
 s - a scroll of fog
 A - 2 scrolls of amnesia
 I - a scroll of identify
Potions
 d - 3 potions of might
 e - 2 potions of cancellation
 f - 2 potions of flight
 g - a potion of heal wounds
 h - 2 potions of attraction
 i - 2 potions of invisibility
 j - 2 potions of brilliance {unknown}
 m - 2 potions of degeneration {unknown}
 q - a potion of haste {unknown}
 u - a potion of ambrosia {unknown}
 v - 2 potions of lignification
 w - 3 potions of magic
 x - 2 potions of curing
 B - a potion of mutation
 F - a potion of resistance


   Skills:
 + Level 10.8 Fighting
 * Level 15.0 Axes
 + Level 6.5 Armour
 + Level 4.1 Dodging
 - Level 3.2 Shields
 * Level 9.7 Invocations


You had 10 spell levels left.
You didn't know any spells.
Your spell library contained the following spells:

 Spells                   Type           Power        Failure   Level
 Animate Skeleton         Necr           0%           89%         1
 Pain                     Necr           0%           89%         1
 Confusing Touch          Hex            0%           99%         3
 Gell's Gravitas          Tloc           0%           99%         3
 Vampiric Draining        Necr           0%           99%         3
 Animate Dead             Necr           0%           100%        4
 Petrify                  Tmut/Erth      0%           100%        4
 Agony                    Necr           0%           100%        5
 Metabolic Englaciation   Hex/Ice        0%           100%        5
 Yara's Violent Unravell  Hex/Tmut       0%           100%        5


Dungeon Overview and Level Annotations

Branches:
Dungeon (11/15)            Temple (1/1) D:4            Lair (0/6) D:9
    Orc: D:9-12

Altars:
Ashenzari
Cheibriados
Dithmenos
Elyvilon
Fedhas
Gozag
Hepliaklqana
Kikubaaqudgha
Makhleb
Nemelex Xobeh
Okawaru
Qazlal
Ru
Sif Muna
Trog
Uskayaw
Vehumet
Wu Jian
Xom
Yredelemnul
Zin
The Shining One

Shops:
D:7 [   D:8 [

Portals:
Ice
Cave: D:11

Annotations:
D:3 1 runed translucent door
D:8 1 runed translucent door, mattj7820's ghost, novice DsNe
D:11 Snorg


Message History

You turn into a tree.
Your +0 cloak of preservation melds into your body.
Your +0 hat melds into your body.
Your +0 pair of gloves of archery melds into your body.
Your +1 swamp dragon scales melds into your body.
Your aim is not that steady anymore.
Your roots penetrate the ground.
You block Snorg's attack. x2; Snorg claws you!
* * * LOW HITPOINT WARNING * * *
Snorg bites you!
* * * LOW HITPOINT WARNING * * *
Snorg barely misses you. You block Snorg's attack.
You hit Snorg. You burn Snorg.
Snorg is heavily wounded.
Snorg barely misses you. You block Snorg's attack.
Snorg claws you but does no damage.
You slash Snorg! You burn Snorg.
Snorg is severely wounded.
Snorg is struck by lightning.
Snorg bites you but does no damage. Snorg claws you.
You die...

##### #...####
#......#
#......#
####.(.∩..######
#...............
#.......○°......
#....)#°........
#....)#♣........
#....!#T......##
#.....#.○<....#
#...>.#.......+
#...(.#.......#
#..).<#.......#
#..).)#.......#
#..)).#>......#
#.....#


You could see Snorg (berserk).

Vanquished Creatures
  A great orb of eyes (D:8)
  2 hydras
  A two-headed ogre (D:10)
  Erica (D:9)
  Pikel (D:5)
  Maggie (D:9)
  Prince Ribbit (D:5)
  Grinder (D:5)
  Sigmund (D:3)
  A wyvern (D:5)
  Grum (D:8)
  4 yaks (D:10)
  A golden eye (shapeshifter) (D:9)
  5 orc warriors
  3 sky beasts
  2 black bears
  A necrophage (D:5)
  7 ogres
  A lemure (D:5)
  3 centaurs
  2 wolves (D:8)
  Blork the orc (D:5)
  2 big kobolds
  3 bullfrogs
  3 scorpions
  5 killer bees
  10 wights
  9 electric eels (D:10)
  A centaur zombie (D:8)
  3 howler monkeys
  2 quasits (D:5)
  4 orc priests
  6 hounds
  A centaur skeleton (D:6)
  2 bullfrog skeletons
  3 jellies
  5 orc wizards
  2 iguanas (D:9)
  8 worker ants
  A killer bee zombie (D:8)
  2 hound skeletons
  A howler monkey zombie (D:6)
  2 worker ant zombies (D:7)
  Robin (D:2)
  12 adders
  8 gnolls
  A howler monkey skeleton (D:5)
  3 shadow imps
  16 white imps
  2 ufetubi
  An adder zombie (D:7)
  4 adder skeletons
  4 worms
  2 dart slugs (D:2)
  6 leopard geckos
  29 orcs
  A ball python (D:2)
  19 giant cockroaches
  12 hobgoblins
  12 jackals
  12 kobolds
  3 quokkas
  5 bats
  4 frilled lizards
  8 goblins
  2 leopard gecko skeletons
  A quokka skeleton (D:6)
  5 rats (D:2)
290 creatures vanquished.

Notes
Turn   | Place    | Note
-------+----------+-------------------------------------------
     0 | D:1      | kae the Hill Orc Fighter began the quest for the Orb.
     0 | D:1      | Reached XP level 1. HP: 19/19 MP: 1/1
    83 | D:1      | Reached skill level 3 in Axes
   638 | D:2      | Reached XP level 2. HP: 20/27 MP: 2/2
   973 | D:2      | Identified the +2 helmet of Ylanihuren {-Tele rElec Will+}
   973 | D:2      | Noticed Robin
   980 | D:2      | Reached skill level 4 in Axes
   983 | D:2      | Reached XP level 3. HP: 9/33 MP: 3/3
   985 | D:2      | Killed Robin
  1486 | D:2      | Reached XP level 4. HP: 39/41 MP: 4/4
  1847 | D:3      | Reached skill level 5 in Axes
  2013 | D:3      | Found a runed translucent door.
  2014 | D:3      | Found a white marble altar of Elyvilon.
  2014 | D:3      | Noticed an angel
  2464 | D:3      | Noticed Sigmund
  2485 | D:3      | Killed Sigmund
  2486 | D:3      | Reached skill level 5 in Fighting
  2486 | D:3      | Reached skill level 6 in Axes
  2486 | D:3      | Reached XP level 5. HP: 16/48 MP: 5/5
  2486 | D:3      | Reached XP level 6. HP: 19/56 MP: 6/6
  2764 | D:3      | Reached skill level 7 in Axes
  3220 | D:4      | Found a staircase to the Ecumenical Temple.
  3254 | D:4      | Reached skill level 8 in Axes
  3254 | D:4      | Reached XP level 7. HP: 59/63 MP: 7/7
  3272 | Temple   | Entered the Ecumenical Temple
  3394 | Temple   | Became a worshipper of Qazlal Stormbringer
  3799 | D:4      | Found a bloodstained altar of Trog.
  4187 | D:4      | Reached skill level 9 in Axes
  4298 | D:5      | Entered Level 5 of the Dungeon
  4521 | D:5      | Noticed Pikel
  4534 | D:5      | Killed Pikel
  4535 | D:5      | Reached skill level 10 in Axes
  4535 | D:5      | Reached XP level 8. HP: 47/74 MP: 8/8
  4672 | D:5      | Noticed Grinder
  4674 | D:5      | Paralysed by Grinder for 7 turns
  4695 | D:5      | Killed Grinder
  4696 | D:5      | Reached skill level 11 in Axes
  4773 | D:5      | Found a stormy altar of Qazlal.
  4914 | D:5      | Got a distressingly furry ring mail
  4925 | D:5      | Identified the +3 ring mail of Gyzxuts {rF+ Int+2} (You
                  | found it on level 5 of the Dungeon)
  4969 | D:5      | Reached * piety under Qazlal
  5029 | D:5      | Found a burning altar of Makhleb.
  5088 | D:5      | Noticed Prince Ribbit
  5105 | D:5      | Killed Prince Ribbit
  5106 | D:5      | Reached skill level 12 in Axes
  5106 | D:5      | Reached XP level 9. HP: 62/82 MP: 9/9
  5232 | D:5      | Found an opulent altar of Gozag.
  5407 | D:5      | Reached skill level 1 in Invocations
  5788 | D:6      | Noticed Blork the orc
  6136 | D:5      | Killed Blork the orc
  6301 | D:6      | Reached skill level 1 in Dodging
  6578 | D:5      | Reached ** piety under Qazlal
  6669 | D:5      | Reached skill level 13 in Axes
  6899 | D:6      | Found an iron altar of Okawaru.
  7060 | D:6      | Found a snail-covered altar of Cheibriados.
  7252 | D:7      | Reached skill level 5 in Invocations
  7252 | D:7      | Reached XP level 10. HP: 88/91 MP: 13/13
  7291 | D:7      | Found Yguiliu's Antique Armour Shop.
  7302 | D:7      | Bought a pair of runed gloves for 150 gold pieces
  8064 | D:8      | Found Xuhadief's Antique Armour Boutique.
  8080 | D:8      | Reached *** piety under Qazlal
  8087 | D:8      | Bought an embroidered cloak for 255 gold pieces
  8102 | D:8      | Found a runed translucent door.
  8103 | D:8      | Noticed mattj7820's ghost (novice DsNe)
  8129 | D:8      | Noticed a four-headed hydra
  8178 | D:8      | Killed a seven-headed hydra
  8179 | D:8      | Reached skill level 5 in Armour
  8380 | D:8      | Found a snail-covered altar of Cheibriados.
  8410 | D:8      | Reached skill level 10 in Fighting
  8430 | D:8      | Found a shimmering blue altar of Sif Muna.
  8534 | D:8      | Noticed Grum
  8542 | D:8      | Killed Grum
  8860 | D:8      | Found a shimmering blue altar of Sif Muna.
  9064 | D:9      | Noticed a seven-headed hydra
  9452 | D:9      | Noticed a great orb of eyes
  9470 | D:8      | Killed a great orb of eyes
  9471 | D:8      | Reached skill level 14 in Axes
  9691 | D:9      | Reached XP level 11. HP: 101/101 MP: 16/16
  9692 | D:9      | Killed a nine-headed hydra
  9698 | D:9      | Noticed Erica
  9847 | D:9      | Killed Erica
  9937 | D:9      | Noticed Maggie
  9952 | D:9      | Killed Maggie
 10189 | D:9      | Found a staircase to the Lair.
 10706 | D:10     | Entered Level 10 of the Dungeon
 12019 | D:10     | Noticed a two-headed ogre
 12025 | D:10     | Killed a two-headed ogre
 13011 | D:11     | Reached skill level 15 in Axes
 13028 | D:11     | Reached **** piety under Qazlal
 13029 | D:11     | Found a frozen archway.
 13069 | D:11     | Noticed Snorg
 13078 | D:11     | HP: 3/101 [Snorg (9)]
 13082 | D:11     | HP: 1/151 [Snorg (16)]
 13084 | D:11     | Slain by Snorg

Illustrated notes

Levels and vault maps discovered:
D:1:      lightli_arrival_lavapool, layout_loops_cross, minmay_misc_feat_roman
D:2:      layout_loops_cross, uniq_robin
D:3:      minmay_roachtagon, layout_loops_corners, lemuel_angel_altar,
          uniq_sigmund
D:4:      layout_rooms, lightli_temple_of_fire, minmay_temple_entry_antechambers
D:5:      layout_cave_pods, kennysheep_little_box, makhleb_grotto_becter,
          minmay_misc_feat_more_columns, nicolae_qazlal_general_emergency,
          uniq_grinder, uniq_pikel, uniq_prince_ribbit1
D:6:      layout_rooms, lemuel_crystal_altar, basic_altar, uniq_blork_the_orc
D:7:      layout_basic, serial_shops, shop
D:8:      layout_loops_ring, lemuel_round_altar, general_overflow_altar,
          hellmonk_ghost_happy_afterlife, serial_shops, shop,
          serial_park_tiny_2, minmay_splitting_lines, lemuel_blue_sif_altar,
          uniq_grum
D:9:      minmay_the_grid_four_pointed_star_mashed
          [minmay_the_grid_triangle_9x9_minimal,
          minmay_the_grid_triangle_9x9_sparse_checkered,
          minmay_the_grid_triangle_9x9_warning,
          minmay_the_grid_triangle_9x9_negative_grid,
          minmay_the_grid_prize_diamond_cup], layout_long_grid, uniq_erica,
          uniq_maggie
D:10:     layout_basic
D:11:     layout_gridville, kennysheep_orc_monster_closet_entryway,
          gammafunk_ghost_grave, portal_ice_cave_entry_imps, uniq_snorg
Temple:   kb_temple_of_zot

Skill      XL: |  1  2  3  4  5  6  7  8  9 10 11 |
---------------+----------------------------------+-----
Axes           | 3 4 6 8 10 12 13 14 15 | 15.0
Fighting       | 4 5 6 7 8 9 10 | 10.8
Invocations    | 5 7 9 |  9.7
Dodging        | 1 3 4 |  4.1
Armour         | 4 5 6 |  6.5
Shields        | |  3.2

Action                   |  1- 3 |  4- 6 |  7- 9 | 10-12 || total
-------------------------+-------+-------+-------+-------++-------
Melee: War axe           |   107 |   134 |   240 |   362 ||   843
Invok: Upheaval          |       |       |       |     7 ||     7
  Use: Scroll            |       |     5 |    13 |     6 ||    24
       Potion            |       |     1 |       |     3 ||     4
Armor: Scale mail        |    39 |       |       |       ||    39
       Chain mail        |    28 |    59 |    36 |       ||   123
       Ring mail         |       |       |    58 |    62 ||   120
       Swamp dragon scal |       |       |       |    21 ||    21
       Skin              |       |       |       |     2 ||     2
Dodge: Dodged            |    33 |    24 |    93 |   101 ||   251
       Repelled          |       |       |       |     2 ||     2
Block: Kite shield       |    71 |    69 |   165 |   216 ||   521

Table legend: (Time is in decaauts)
 A = Elapsed time spent in this place.
 B = Non-inter-level travel time spent in this place.
 C = Inter-level travel time spent in this place.
 D = Time resting spent in this place.
 E = Time spent auto-exploring this place.
 F = Levels seen in this place.
 G = Mean time per level.
                   A        B        C        D        E       F      G
               +--------+--------+--------+--------+--------+-----+--------+
         Total |  13145 |  12666 |    479 |   3148 |   7706 |  12 | 1095.4 |
       Dungeon |  12992 |  12562 |    430 |   3148 |   7603 |  11 | 1181.1 |
        Temple |    153 |    105 |     48 |      0 |    103 |   1 |  153.0 |
               +--------+--------+--------+--------+--------+-----+--------+

Top non-repeatable levels by time:
     D:5: 2222 daAuts
     D:9: 1892 daAuts
     D:8: 1774 daAuts
    D:10: 1439 daAuts
     D:4: 1256 daAuts
     D:2: 1223 daAuts
     D:3: 1218 daAuts
     D:7: 648 daAuts
     D:6: 625 daAuts
     D:1: 619 daAuts
  Temple: 153 daAuts
    D:11: 70 daAuts
